 Dungeon Crawl Stone Soup version 0.31-a0-263-ge8cad7f256 (webtiles) character file.

Game seed: 7350197105133503770

104 qw the Shooter (level 4, -2/26 HPs)
             Began as a Gargoyle Hexslinger on July 13, 2023.
             Slain by an iguana (5 damage)
             ... on level 4 of the Dungeon.
             The game lasted 00:00:51 (2111 turns).

qw the Shooter (Gargoyle Hexslinger)                Turns: 2111, Time: 00:00:52

Health: -2/26      AC:  8    Str: 11    XL:     4   Next: 80%
Magic:  5/5        EV: 10    Int: 14    God:
Gold:   191        SH:  0    Dex: 14    Spells: 4/5 levels left

rFire   . . .        Y - +1 sling
rCold   . . .        (no shield)
rNeg    + . .        g - +0 ring mail
rPois   inf          (no helmet)
rElec   +            (no cloak)
rCorr   .            (no gloves)
SInv    .            (no boots)
Will    .....        (no amulet)
Stlth   +            (no ring)
HPRegen 0.24/turn    (no ring)
MPRegen 0.09/turn

%: no passive effects
@: no status effects
A: sickness immunity, AC +3, negative energy resistance 1, electricity
resistance, torment resistance 1, petrification resistance
a: no special abilities


You were on level 4 of the Dungeon.
You visited 1 branch of the dungeon, and saw 4 of its levels.

You collected 191 gold pieces.


Innate Abilities, Weirdness & Mutations

You are immune to sickness and miasma.
Your stone body is resilient. (AC +3)
You are immune to poison.
You resist negative energy. (rN+)
You are resistant to electric shocks. (rElec)
You are resistant to unholy torment.
You are immune to petrification.


   Skills:
 - Level 2.0 Fighting
 + Level 4.3 Ranged Weapons
 - Level 1.0 Armour
 - Level 1.5 Dodging
 - Level 1.0 Spellcasting
 - Level 2.6 Hexes


You had 4 spell levels left.
You knew the following spells:

 Your Spells              Type           Power      Damage    Failure   Level
a - Slow                  Hex            32%        N/A       21%         1

Your spell library contained the following spells:

 Spells                   Type           Power      Damage    Failure   Level
 Inner Flame              Hex/Fire       4%         N/A       71%         3
 Portal Projectile        Hex/Tloc       8%         N/A       71%         3
 Cause Fear               Hex            4%         N/A       90%         4

Inventory:

Hand Weapons
 Y - a +1 sling (weapon)
Armour
 g - a +0 ring mail (worn)
Scrolls
 a - a scroll of identify
Potions
 c - a potion of cancellation {unknown}
 d - a potion of invisibility {unknown}
 e - a potion of attraction {unknown}
 f - 3 potions of curing
 i - a potion of might {unknown}

Dungeon Overview and Level Annotations

Branches:
Dungeon (4/15)
 Temple: D:4-7

Altars:
Ashenzari
Wu Jian


Message History

The iguana barely misses you. The iguana bites you.
You shoot a sling bullet.
The sling bullet hits the iguana but does no damage.
The iguana is moderately wounded.
The iguana bites you but does no damage.
You shoot a sling bullet. The sling bullet hits the iguana.
The iguana is moderately wounded.
The iguana bites you.
You shoot a sling bullet. The sling bullet hits the iguana.
The iguana is heavily wounded.
The iguana bites you but does no damage.
The iguana closely misses you.
You shoot a sling bullet.
The sling bullet barely misses the iguana.
The iguana barely misses you.
You shoot a sling bullet.
The sling bullet barely misses the iguana.
The iguana bites you.
You shoot a sling bullet.
The sling bullet closely misses the iguana.
The iguana bites you!
The iguana bites you but does no damage.
You shoot a sling bullet.
The sling bullet hits the iguana but does no damage.
The iguana is heavily wounded.
The iguana bites you.
You shoot a sling bullet.
The sling bullet hits the iguana but does no damage.
The iguana is heavily wounded.
The iguana closely misses you.
You shoot a sling bullet.
The sling bullet hits the iguana but does no damage.
The iguana is heavily wounded.
The iguana closely misses you.
The iguana bites you but does no damage.
You shoot a sling bullet.
The sling bullet hits the iguana but does no damage.
The iguana is heavily wounded.
The iguana bites you.
You die...

.........###...#####
........###...##
.........#....#
.............##
............##
............## ###
.............# #....
.............#......
............@l......
.############......
...... ..... .....
.... ....


You could see an iguana.

Vanquished Creatures
  4 adders
  3 dart slugs
  3 orcs (D:3)
  9 ball pythons
  3 endoplasms
  2 giant cockroaches
  6 goblins
  5 hobgoblins
  5 jackals
  A bat (D:1)
  3 frilled lizards
  5 kobolds
  7 rats
56 creatures vanquished.

Notes
Turn   | Place    | Note
-------+----------+-------------------------------------------
     0 | D:1      | qw the Gargoyle Hexslinger began the quest for the Orb.
     0 | D:1      | Reached XP level 1. HP: 12/12 MP: 2/2
     0 | D:1      | 0 ||| qw: Version: 0.3-a-52-g30416fa
     0 | D:1      | 0 ||| qw: Game counter: 7290
     0 | D:1      | 0 ||| qw: Melee chars always use a shield: true
     0 | D:1      | 0 ||| qw: God list: Okawaru
     0 | D:1      | 0 ||| qw: Allow faded altars: false
     0 | D:1      | 0 ||| qw: Do Orc after clearing Dungeon:15 true
     0 | D:1      | 0 ||| qw: Do second Lair branch before Depths: true
     0 | D:1      | 0 ||| qw: Lair rune preference: random
     0 | D:1      | 0 ||| qw: Goals: Normal
     0 | D:1      | 0 ||| PLANNING D:1-11
    64 | D:1      | Reached XP level 2. HP: 16/16 MP: 3/3
   158 | D:1      | Reached skill level 3 in Ranged Weapons
   303 | D:1      | Reached XP level 3. HP: 21/21 MP: 4/4
   418 | D:1      | 418 ||| UPGRADING to +0 leather armour.
   428 | D:1      | 428 ||| DROPPING +0 robe.
   429 | D:1      | 429 ||| UPGRADING to +0 ring mail.
   439 | D:1      | 439 ||| DROPPING +0 leather armour.
   440 | D:1      | 440 ||| DROPPING scroll of poison.
  1162 | D:2      | 1162 ||| READING scroll labelled JUESAWO ZOUS.
  1163 | D:2      | 1163 ||| READING 2 scrolls labelled YCKITAM KYDUN.
  1164 | D:2      | 1164 ||| DRINKING 2 cyan potions.
  1187 | D:2      | 1187 ||| DRINKING 2 clear potions.
  1188 | D:2      | 1188 ||| DROPPING potion of lignification.
  1189 | D:2      | 1189 ||| DROPPING scroll of immolation.
  1226 | D:3      | 1226 ||| STAIRDANCE
  1343 | D:3      | Reached XP level 4. HP: 26/26 MP: 5/5
  1436 | D:3      | Reached skill level 4 in Ranged Weapons
  1544 | D:3      | Found an ornate altar of the Wu Jian Council.
  1581 | D:3      | Reached skill level 1 in Armour
  1749 | D:3      | Found a broken altar of Ashenzari.
  1939 | D:3      | 1939 ||| READING scroll labelled MADAJU ODWINU.
  1940 | D:3      | 1940 ||| READING scroll labelled EGULIV YNEM.
  1941 | D:3      | 1941 ||| READING scroll labelled UNUVVE GOZXAEZ.
  1945 | D:3      | 1945 ||| READING scroll labelled OXUBISK OXKING.
  1955 | D:3      | 1955 ||| DRINKING 3 black potions.
  1956 | D:3      | 1956 ||| DROPPING 2 potions of brilliance.
  1987 | D:4      | 1987 ||| FLEEEEING.
  1988 | D:4      | 1988 ||| STAIRDANCE
  2108 | D:4      | HP: 2/26 [iguana (5)]
  2111 | D:4      | Slain by an iguana

Levels and vault maps discovered:
D:1:      dpeg_arrival_court, layout_rooms
D:2:      layout_loops_cross
D:3:      layout_loops_cross, old_standard_altar, general_overflow_altar,
          nicolae_underground_beach
D:4:      layout_cave_pods, gammafunk_temple_overflow_elements, chequers_garden

Skill      XL: |  1  2  3  4 |
---------------+-------------+-----
Ranged Weapons | 3 4 |  4.3
Fighting       | 2 |  2.0
Armour         | 1 |  1.0
Dodging        | |  1.5
Spellcasting   | |  1.0
Hexes          | |  2.6

Action                     |  1- 3 |  4- 6 || total
---------------------------+-------+-------++-------
   Fire: Sling             |   123 |    81 ||   204
    Use: Scroll            |     2 |     4 ||     6
         Potion            |     2 |     1 ||     3
 Armour: Robe              |     3 |       ||     3
         Ring mail         |    34 |    23 ||    57
  Dodge: Dodged            |    55 |    32 ||    87

Table legend:
 A = Non-vault XP
 B = Vault XP
 C = Vault XP percentage of total XP
 D = Non-vault monster count
 E = Vault monster count
 F = Vault count percentage of total count
                 A         B        C        D         E       F
            +---------+---------+-------+---------+---------+-------
      Total |     149 |       0 |   0.0 |      56 |       0 |   0.0
            +---------+---------+-------+---------+---------+-------
        D:1 |      35 |       0 |   0.0 |      22 |       0 |   0.0
        D:2 |      30 |       0 |   0.0 |      10 |       0 |   0.0
        D:3 |      70 |       0 |   0.0 |      19 |       0 |   0.0
        D:4 |      14 |       0 |   0.0 |       5 |       0 |   0.0
            +---------+---------+-------+---------+---------+-------
